 Dungeon Crawl Stone Soup version 0.22-a0-402-ga933591 (webtiles) character file.

24504 Mgcat the Geomancer (level 13, -2/100 HPs)
             Began as a Formicid Earth Elementalist on May 6, 2018.
             Was an Elder of Sif Muna.
             Shot with a bolt by a yaktaur (6 damage)
             ... in a volcano.
             The game lasted 00:53:13 (17704 turns).

Mgcat the Geomancer (Formicid Earth Elementalist)  Turns: 17704, Time: 00:53:14

Health: -2/100     AC:  8    Str: 18    XL:     13   Next: 43%
Magic:  7/26       EV: 15    Int: 19    God:    Sif Muna [****..]
Gold:   761        SH:  0    Dex: 11    Spells: 22/31 levels left

rFire    + + .     SeeInvis +   I - +1 dire flail (freeze)
rCold    . . .     Gourm    +   (no shield)
rNeg     . . .     Faith    .   E - +2 robe {MR+}
rPois    +         Spirit   .   (helmet unavailable)
rElec    .         Reflect  .   B - +1 cloak
rCorr    .         Harm     .   (no gloves)
MR       +++..                  w - +1 pair of boots
Stlth    ++........             x - amulet of the gourmand {Gourm, !d}
HPRegen  0.26/turn              J - ring "Joas" {*Drain rPois rF+ MR+ Str+4}
MPRegen  0.20/turn              A - ring of protection from fire {rF+, !d}

@: very slightly contaminated
A: permanent stasis, dig shafts and tunnels, four strong arms, antennae 3
a: Dig, Shaft Self, Divine Energy, Channel Magic, Forget Spell, Renounce
Religion


You were in a volcano.
You worshipped Sif Muna.
Sif Muna was greatly pleased with you.
You were completely stuffed.

You visited 3 branches of the dungeon, and saw 16 of its levels.
You also visited: Volcano.

You collected 761 gold pieces.

Inventory:

Hand Weapons
 D - a +1 whip of freezing
   (You took it off Pikel on level 7 of the Dungeon)
 I - a +1 dire flail of freezing (weapon)
   (You took it off an orc warrior on level 10 of the Dungeon)
Missiles
 b - 221 stones (quivered)
 c - 2 throwing nets {=f, !d}
 M - 2 curare-tipped needles
Armour
 r - a +0 shield
   (You took it off a wight on level 7 of the Dungeon)
 w - a +1 pair of boots (worn)
   (You found it on level 4 of the Dungeon)
 B - a +1 cloak (worn)
   (You found it on level 10 of the Dungeon)
 E - a +2 robe of magic resistance (worn)
   (You took it off Pikel on level 7 of the Dungeon)
 K - a +2 robe of cold resistance
   (You took it off Fannar on level 2 of the Lair of Beasts)
Magical Staves
 o - an uncursed staff of cold {rC+}
   (You took it off Fannar on level 2 of the Lair of Beasts)
Jewellery
 f - an uncursed ring of magical power {MP+9}
   (You found it on level 4 of the Dungeon)
 j - a +6 ring of intelligence
   (You found it on level 4 of the Dungeon)
 q - an uncursed ring of poison resistance {rPois, !d}
   (You found it on level 2 of the Dungeon)
 x - an amulet of the gourmand (around neck) {Gourm, !d}
   (You found it on level 4 of the Dungeon)
 y - an uncursed ring of fire {rF+, rC-}
   (You found it on level 6 of the Dungeon)
 A - a ring of protection from fire (right hand) {rF+, !d}
   (You found it on level 11 of the Dungeon)
 C - an uncursed amulet of guardian spirit {Spirit}
   (You found it on level 6 of the Dungeon)
 J - the ring "Joas" (left hand) {*Drain rPois rF+ MR+ Str+4}
   (You took it off an orc wizard on level 10 of the Dungeon)

   [ring of poison resistance]

   It affects your strength (+4).
   It protects you from fire.
   It protects you from poison.
   It affects your resistance to hostile enchantments.
   It causes draining when unequipped.
Wands
 t - a wand of paralysis (10)
   (You found it on level 3 of the Dungeon)
 H - a wand of digging (35)
   (You took it off an orc wizard on level 10 of the Dungeon)
 O - a wand of iceblast (13)
   (You found it on level 2 of the Lair of Beasts)
Scrolls
 e - 4 scrolls of amnesia
 h - 5 scrolls of magic mapping {!r}
 n - 4 scrolls of enchant weapon
 v - 7 scrolls of remove curse
 G - 2 scrolls of fog
 N - 2 scrolls of enchant armour
Potions
 a - 2 potions of resistance
 i - 2 potions of flight
 k - 7 potions of curing
 l - a potion of berserk rage {unknown}
 m - a potion of brilliance
 p - 2 potions of might
 u - a potion of agility
 z - 2 potions of magic
 F - a potion of ambrosia
Comestibles
 d - 49 rations


   Skills:
 + Level 8.8 Fighting
   Level 1.7 Short Blades
 + Level 7.5 Dodging
 - Level 2.4 Stealth
 + Level 6.9 Shields
 + Level 9.6 Spellcasting
 + Level 8.2 Conjurations
   Level 1.1 Transmutations
 + Level 11.6 Earth Magic
 + Level 9.4 Invocations


You had 22 spell levels left.
You knew the following spells:

 Your Spells              Type           Power        Failure   Level  Hunger
a - Sandblast             Erth           ######       1%          1    None
b - Stone Arrow           Conj/Erth      #####.       1%          3    None
c - Lee's Rapid Deconstr  Erth           ######....   1%          5    #####..


Dungeon Overview and Level Annotations

Branches:
Dungeon (11/15)            Temple (1/1) D:5            Lair (4/6) D:11
 Shoals (0/4) Lair:4       Spider (0/4) Lair:2          Orc (0/2) D:11

Altars:
Ashenzari
Cheibriados
Dithmenos
Elyvilon
Fedhas
Gozag
Hepliaklqana
Makhleb
Nemelex Xobeh
Okawaru
Qazlal
Ru
Sif Muna
Trog
Uskayaw
Vehumet
Wu Jian
Xom
Yredelemnul
Zin
The Shining One

Shops:
D:5 *

Portals:
Trove: D:10 (give 3 potions of resistance)

Annotations:
D:4 2 transporters


Innate Abilities, Weirdness & Mutations

You cannot be hasted, slowed, berserked, paralysed or teleported.
You can dig through walls and to a lower floor.
Your four strong arms can wield two-handed weapons with a shield.
You have a pair of large antennae on your head. (SInv)


Message History

Press: ? - help, Shift-Dir - straight line, f/p - hell knight
Aim: a hell knight, wielding a flail of flaming and wearing a chain mail of fire resistance (moderately wounded)
The blast of sand hits the hell knight.
The hell knight is heavily wounded.
b - 226 stones The hell knight hits you but does no damage.
Casting: Sandblast (safe; 1% risk of failure)
Confirm with . or Enter, or press ? or * to list all spells.
Aiming: Sandblast (safe; 1% risk of failure)
Press: ? - help, Shift-Dir - straight line, f/p - hell knight
Aim: a hell knight, wielding a flail of flaming and wearing a chain mail of fire resistance (heavily wounded)
The blast of sand hits the hell knight.
The hell knight is severely wounded.
b - 225 stones The hell knight casts a spell at you.
You resist with almost no effort.
Casting: Sandblast (safe; 1% risk of failure)
Confirm with . or Enter, or press ? or * to list all spells.
Aiming: Sandblast (safe; 1% risk of failure)
Press: ? - help, Shift-Dir - straight line, f/p - hell knight
Aim: a hell knight, wielding a flail of flaming and wearing a chain mail of fire resistance (severely wounded)
The blast of sand hits the hell knight.
You kill the hell knight!
Sif Muna accepts your kill.
b - 224 stones
Items here: ( ) [ † a flail of flaming; a chain mail of fire resistance; an arrow; a human corpse
Things that are here:
a shortbow of flaming; 16 arrows; a centaur corpse You see here 2 arrows.
You see here 2 arrows.
You see here 8 arrows.
You see here an arrow.
There is an open door here.
Things that are here:
a shortbow of flaming; 12 arrows; a centaur corpse
Casting: Sandblast (safe; 1% risk of failure)
Confirm with . or Enter, or press ? or * to list all spells.
Aiming: Sandblast (safe; 1% risk of failure)
Press: ? - help, Shift-Dir - straight line, f - yaktaur
Aim: a yaktaur, wielding an arbalest of flaming (hasn't noticed you)
The blast of sand hits the yaktaur.
The yaktaur is heavily wounded.
b - 223 stones A yaktaur comes into view.
It is wielding an arbalest of flaming.
There is a rocky tunnel leading out of this place here.
Casting: Sandblast (safe; 1% risk of failure)
Confirm with . or Enter, or press ? or * to list all spells.
You can't see any susceptible monsters within range! (Use Z to cast anyway.)
Casting: Sandblast (safe; 1% risk of failure)
Confirm with . or Enter, or press ? or * to list all spells.
Aiming: Stone Arrow (safe; 1% risk of failure)
Press: ? - help, Shift-Dir - straight line, f - yaktaur
Aim: a yaktaur, wielding an arbalest of flaming (hasn't noticed you)
The stone arrow hits the yaktaur.
The yaktaur is heavily wounded.
The yaktaur shouts!
Casting: Stone Arrow (safe; 1% risk of failure)
Confirm with . or Enter, or press ? or * to list all spells.
Aiming: Sandblast (safe; 1% risk of failure)
Press: ? - help, Shift-Dir - straight line, f/p - yaktaur
Aim: a yaktaur, wielding an arbalest of flaming (heavily wounded)
The blast of sand hits the yaktaur.
The yaktaur is heavily wounded.
b - 222 stones The yaktaur shoots a bolt.
The bolt misses you.
Casting: Sandblast (safe; 1% risk of failure)
Confirm with . or Enter, or press ? or * to list all spells.
Aiming: Sandblast (safe; 1% risk of failure)
Press: ? - help, Shift-Dir - straight line, f/p - yaktaur
Aim: a yaktaur, wielding an arbalest of flaming (heavily wounded)
The blast of sand hits the yaktaur.
The yaktaur is heavily wounded.
b - 221 stones You flicker for a moment.
Casting: Sandblast (safe; 1% risk of failure)
Confirm with . or Enter, or press ? or * to list all spells.
You can't see any susceptible monsters within range! (Use Z to cast anyway.)
Casting: Sandblast (safe; 1% risk of failure)
Confirm with . or Enter, or press ? or * to list all spells.
You can't see any susceptible monsters within range! (Use Z to cast anyway.)
The yaktaur shoots a bolt.
The bolt barely misses you.
Casting: Sandblast (safe; 1% risk of failure)
Confirm with . or Enter, or press ? or * to list all spells.
Aiming: Stone Arrow (safe; 1% risk of failure)
Press: ? - help, Shift-Dir - straight line, f/p - yaktaur
Aim: a yaktaur, wielding an arbalest of flaming (heavily wounded)
The stone arrow hits the yaktaur.
The yaktaur is almost dead.
The yaktaur shoots a bolt.
The bolt hits you!! The bolt burns you.
The yaktaur shoots a bolt.
The bolt hits you!! The bolt burns you.
The yaktaur shoots a bolt.
The bolt hits you!!
* * * LOW HITPOINT WARNING * * *
You see here a bolt.
You feel much better.
You flicker back into view.
The yaktaur shoots a bolt.
The bolt hits you!!
* * * LOW HITPOINT WARNING * * *
The yaktaur shoots a bolt.
The bolt hits you.
You die...

#... ... ...#
#..c. ##8# # ....
....# [!#)?##...
#..#'.c%##..#
#(c## ##..#
##..###..#
##.(∩..# {
##..(## { ##@##
##### #(#
##....##
##(###......##
#8(8##)..§...#
##..(.)..≈≈....
##....)..§≈≈≈...
#....§§.§≈≈≈≈...
#...§§§§≈≈≈§§≈≈.
##...≈≈§≈§≈≈§≈≈§≈


You could see 2 yaktaurs.

Vanquished Creatures
  2 hydras (Lair:4)
  Fannar (Lair:2)
  Erica (Lair:2)
  4 death yaks (Lair:3)
  2 two-headed ogres (D:8)
  The ghost of VDreamerV the Spear-Bearer, a novice NaBe of Trog (D:8)
  A hell knight (Volcano)
  An unseen horror (D:10)
  Pikel (D:7)
  An ugly thing (D:11)
  A black mamba (Lair:2)
  3 spiny frogs
  A kobold demonologist (D:11)
  4 komodo dragons
  A polar bear (Lair:3)
  Prince Ribbit (D:6)
  4 blink frogs (Lair:3)
  3 hippogriffs
  Sigmund (D:5)
  2 basilisks
  A wyvern (D:10)
  19 yaks
  4 fire bats (Volcano)
  A hungry ghost (D:10)
  6 water moccasins
  3 slaves (D:7)
  7 porcupines
  An ice beast (D:11)
  4 orc warriors
  3 sky beasts
  2 black bears
  5 wolves (Lair:3)
  5 ogres
  2 phantoms (D:11)
  6 centaurs
  9 crocodiles
  2 big kobolds
  12 bullfrogs
  A wyvern zombie (D:7)
  A wyvern skeleton (D:6)
  A scorpion (D:5)
  2 water moccasin skeletons
  13 wights
  2 howler monkeys
  4 crimson imps
  4 lava snakes (Volcano)
  2 bullfrog skeletons
  3 hounds
  5 jellies
  A gnoll shaman (D:5)
  2 orc priests
  8 orc wizards
  3 iguanas
  13 worker ants
  12 gnolls
  11 adders
  A shadow imp (D:7)
  An ooze (D:4)
  An adder skeleton (D:4)
  2 worms (D:2)
  A dart slug (D:2)
  7 leopard geckos
  22 orcs
  5 bats
  8 giant cockroaches
  7 goblins
  8 hobgoblins
  5 jackals
  2 quokkas
  5 frilled lizards
  11 kobolds
  2 quokka zombies (D:5)
  6 rats
  A bush (Lair:1)
311 creatures vanquished.

Vanquished Creatures (others)
  A slave (D:7)
  A plant (Lair:3)
2 creatures vanquished.

Grand Total: 313 creatures vanquished

Notes
Turn   | Place    | Note
-------+----------+-------------------------------------------
     0 | D:1      | Mgcat the Formicid Earth Elementalist began the quest for the Orb.
     0 | D:1      | Reached XP level 1. HP: 13/13 MP: 3/3
   155 | D:1      | Reached XP level 2. HP: 6/19 MP: 3/5
   353 | D:1      | Reached skill level 4 in Earth Magic
   632 | D:1      | HP: 2/19 [kobold/club (5)]
   634 | D:1      | Reached XP level 3. HP: 3/24 MP: 4/7
  1076 | D:1      | Reached skill level 3 in Spellcasting
  1673 | D:2      | Learned a level 3 spell: Stone Arrow
  1738 | D:2      | HP: 6/24 [worm (7)]
  1740 | D:2      | Reached XP level 4. HP: 8/30 MP: 2/8
  2436 | D:2      | Reached skill level 1 in Conjurations
  2673 | D:3      | Found an ornate altar of the Wu Jian Council.
  2863 | D:3      | Found a white marble altar of Elyvilon.
  3158 | D:3      | Found a basalt altar of Yredelemnul.
  3450 | D:4      | Reached XP level 5. HP: 35/35 MP: 6/10
  3458 | D:4      | Reached skill level 5 in Earth Magic
  3609 | D:4      | Learned a level 5 spell: Lee's Rapid Deconstruction
  3643 | D:4      | Reached skill level 1 in Short Blades
  3643 | D:4      | Reached skill level 4 in Spellcasting
  3643 | D:4      | Reached skill level 2 in Conjurations
  3643 | D:4      | Reached XP level 6. HP: 16/41 MP: 0/12
  4130 | D:4      | Found a transporter.
  4133 | D:4      | Found a transporter.
  4283 | D:5      | Entered Level 5 of the Dungeon
  4430 | D:5      | Reached XP level 7. HP: 44/46 MP: 4/13
  4454 | D:5      | Reached skill level 6 in Earth Magic
  4459 | D:5      | Noticed Sigmund
  4500 | D:5      | Reached skill level 3 in Conjurations
  4599 | D:5      | Found a staircase to the Ecumenical Temple.
  4629 | D:5      | Killed Sigmund
  4629 | D:5      | Reached skill level 5 in Spellcasting
  4637 | Temple   | Entered the Ecumenical Temple
  4784 | Temple   | Became a worshipper of Sif Muna the Loreminder
  4872 | D:5      | Reached XP level 8. HP: 52/52 MP: 15/15
  4958 | D:5      | Found a glowing silver altar of Zin.
  4960 | D:5      | Found Zin's Purification Station.
  5277 | D:6      | Reached skill level 1 in Fighting
  5277 | D:6      | Reached skill level 2 in Dodging
  5277 | D:6      | Reached skill level 7 in Earth Magic
  5277 | D:6      | Reached skill level 1 in Invocations
  5393 | D:6      | Found a bloodstained altar of Trog.
  5395 | D:6      | Found a stormy altar of Qazlal.
  5395 | D:6      | Found a shadowy altar of Dithmenos.
  5397 | D:6      | Found a glowing golden altar of the Shining One.
  5410 | D:6      | Found an iron altar of Okawaru.
  5483 | D:6      | Noticed Prince Ribbit
  5490 | D:6      | Killed Prince Ribbit
  5490 | D:6      | Reached skill level 4 in Conjurations
  5495 | D:6      | Reached skill level 2 in Fighting
  5495 | D:6      | Reached skill level 2 in Invocations
  5601 | D:6      | Found a shattered altar of Ashenzari.
  5976 | D:6      | Reached XP level 9. HP: 41/62 MP: 17/17
  6023 | D:6      | Reached * piety under Sif Muna
  6023 | D:6      | Reached skill level 6 in Spellcasting
  6084 | D:6      | Reached skill level 3 in Dodging
  6384 | D:7      | Reached skill level 3 in Invocations
  6386 | D:7      | Reached skill level 3 in Fighting
  6692 | D:7      | Noticed Pikel
  6706 | D:7      | Killed Pikel
  6706 | D:7      | Reached skill level 8 in Earth Magic
  6718 | D:7      | Reached skill level 4 in Invocations
  6722 | D:7      | Reached skill level 4 in Fighting
  6726 | D:7      | Reached skill level 5 in Conjurations
  6966 | D:7      | Reached ** piety under Sif Muna
  7159 | D:7      | Reached skill level 4 in Dodging
  7159 | D:7      | Reached XP level 10. HP: 73/73 MP: 16/20
  7599 | D:8      | Noticed VDreamerV's ghost (novice NaBe)
  7615 | D:8      | Killed VDreamerV's ghost
  7615 | D:8      | Reached skill level 5 in Fighting
  7615 | D:8      | Reached skill level 7 in Spellcasting
  7615 | D:8      | Reached skill level 5 in Invocations
  7707 | D:8      | Found a radiant altar of Vehumet.
  7874 | D:8      | Reached skill level 9 in Earth Magic
  8543 | D:8      | Noticed a two-headed ogre
  8546 | D:8      | Killed a two-headed ogre
  8562 | D:8      | Noticed a two-headed ogre
  8567 | D:8      | Killed a two-headed ogre
  8567 | D:8      | Reached skill level 5 in Dodging
  8567 | D:8      | Reached skill level 6 in Conjurations
  8567 | D:8      | Reached skill level 6 in Invocations
  9134 | D:9      | Reached XP level 11. HP: 53/81 MP: 5/22
  9239 | D:9      | Found an opulent altar of Gozag.
  9992 | D:9      | Reached skill level 6 in Fighting
 10305 | D:10     | Entered Level 10 of the Dungeon
 10696 | D:10     | Reached *** piety under Sif Muna
 10748 | D:10     | Reached skill level 1 in Shields
 10826 | D:10     | Got a clouded glass ring
 10903 | D:10     | Found a portal to a secret trove of treasure.
 10924 | D:10     | Identified the ring "Joas" {*Drain rPois rF+ MR+ Str+4} (You took it off an orc wizard on level 10 of the Dungeon)
 11113 | D:10     | Reached skill level 2 in Shields
 11343 | D:10     | Reached skill level 8 in Spellcasting
 11799 | D:10     | Noticed an unseen horror
 11819 | D:10     | Killed an unseen horror
 11893 | D:11     | Reached skill level 10 in Earth Magic
 12078 | D:11     | Found a staircase to the Orcish Mines.
 12137 | D:11     | Found a staircase to the Lair.
 12186 | D:11     | Reached skill level 7 in Invocations
 12444 | D:11     | Noticed a brown ugly thing
 12456 | D:11     | Killed a brown ugly thing
 12488 | D:11     | Reached skill level 3 in Shields
 12926 | Lair:1   | Entered Level 1 of the Lair of Beasts
 13272 | Lair:1   | Reached **** piety under Sif Muna
 13272 | Lair:1   | Reached skill level 7 in Fighting
 13274 | Lair:1   | Reached skill level 6 in Dodging
 13469 | Lair:1   | Reached skill level 7 in Conjurations
 13651 | Lair:1   | Reached XP level 12. HP: 91/91 MP: 14/24
 13831 | Lair:1   | Reached skill level 4 in Shields
 14157 | Lair:2   | Noticed Fannar
 14399 | Lair:2   | Killed Fannar
 14405 | Lair:2   | Noticed Erica
 14415 | Lair:2   | Killed Erica
 14415 | Lair:2   | Reached skill level 8 in Invocations
 14571 | Lair:2   | Found a hole to the Spider Nest.
 14803 | Lair:2   | Reached skill level 5 in Shields
 15763 | Lair:3   | Reached skill level 9 in Spellcasting
 15850 | Lair:3   | Reached skill level 8 in Fighting
 15850 | Lair:3   | Reached skill level 11 in Earth Magic
 16124 | Lair:3   | Noticed a death yak
 16125 | Lair:3   | Noticed a death yak
 16156 | Lair:3   | HP: 19/92 [death yak (15)]
 16159 | Lair:3   | Killed a death yak
 16553 | Lair:3   | Reached skill level 7 in Dodging
 16554 | Lair:3   | Reached XP level 13. HP: 82/98 MP: 8/26
 16658 | Lair:3   | Reached skill level 6 in Shields
 16664 | Lair:3   | Reached skill level 9 in Invocations
 16681 | Lair:3   | Reached skill level 8 in Conjurations
 17266 | Lair:4   | Found a staircase to the Shoals.
 17266 | Lair:4   | Noticed a six-headed hydra
 17273 | Lair:4   | Killed a six-headed hydra
 17442 | Lair:4   | Noticed a five-headed hydra
 17454 | Lair:4   | Killed a five-headed hydra
 17486 | Lair:4   | Found a dark tunnel.
 17492 | Volcano  | Entered a volcano
 17663 | Volcano  | HP: 22/99 [centaur/arrow (9)]
 17701 | Volcano  | HP: 17/100 [yaktaur/bolt (20)]
 17702 | Volcano  | HP: 4/100 [yaktaur/bolt (27)]
 17704 | Volcano  | Shot with a bolt by a yaktaur

Vault maps used:
D:1:      roderic_crossed_star
D:3:      kennysheep_ying_yang, lemuel_doored_altar
D:4:      gammafunk_steamed_eel, minivault_23, minmay_misc_feat_square,
          glass_columns_a, minmay_crystal_room
D:5:      nicolae_overflow_hidden_temple, zin_purify, minmay_temple_entry_trees,
          first_ration, grunt_decor_resistance, uniq_sigmund
D:6:      grunt_temple_overflow_open, nicolae_ashenzari_panopticon,
          uniq_prince_ribbit1
D:7:      grunt_ogre_cave, uniq_pikel
D:8:      vehumet_crystals
D:9:      grunt_gozag_breadcrumbs
D:10:     enter_trove_2, item_on_display_a
D:11:     lair_entry_dummy, orc_0_dummy
Temple:   compressed_dpeg_triangle_lava_temple
Lair:1:   serial_forest, infiniplex_forest_clump_tiny,
          infiniplex_forest_zigzag_1, infiniplex_forest_lined_3,
          infiniplex_forest_clump_double, infiniplex_forest_straight_2,
          infiniplex_forest_end_1, infiniplex_forest_clump_small,
          infiniplex_forest_corner_1, minivault_27, lemuel_another_geyser
Lair:2:   spider_nest_entry_web_field, uniq_fannar, uniq_erica
Lair:3:   grunt_megastairs_2, lemuel_fruit_fields
Lair:4:   elwin_shoals_entry_rocks, nicolae_volcano_entry_hallway,
          serial_bayou_shore_b, serial_bayou_shore_b, uniq_sonja
Volcano:  volcano_grotto

Skill      XL: |  1  2  3  4  5  6  7  8  9 10 11 12 13 |
---------------+----------------------------------------+-----
Earth Magic    | 4 5 6 7 8 9 10 11 | 11.6
Spellcasting   | 3 4 5 6 7 8 9 |  9.6
Conjurations   | 1 2 3 4 5 6 7 8 |  8.2
Short Blades   | 1 |  1.7
Fighting       | 2 4 5 7 8 |  8.8
Dodging        | 2 4 5 6 7 |  7.5
Invocations    | 2 4 6 7 8 9 |  9.4
Shields        | 3 5 6 |  6.9
Stealth        | |  2.4
Transmutations | |  1.1

Action                   |  1- 3 |  4- 6 |  7- 9 | 10-12 | 13-15 || total
-------------------------+-------+-------+-------+-------+-------++-------
Melee: Dagger            |   134 |    96 |       |       |       ||   230
       Unarmed           |     2 |       |       |       |       ||     2
       Whip              |       |       |    22 |    29 |       ||    51
       Dire flail        |       |       |       |    18 |       ||    18
Throw: Stone             |       |       |       |     1 |       ||     1
 Cast: Sandblast         |    13 |    28 |    45 |    76 |    35 ||   197
       Stone Arrow       |     1 |    27 |    80 |   239 |    41 ||   388
       Lee's Rapid Decon |       |       |     2 |    39 |     8 ||    49
Invok: Channel Magic     |       |       |       |     3 |     2 ||     5
Evoke: Wand              |       |       |     3 |       |     2 ||     5
  Use: Scroll            |       |    14 |     1 |     9 |     2 ||    26
       Potion            |       |       |     2 |     2 |     5 ||     9
 Stab: Sleeping          |     5 |     3 |       |       |       ||     8
       Distracted        |     1 |       |       |       |       ||     1
       Paralysed         |       |       |     5 |       |       ||     5
  Eat: Chunk             |     3 |    22 |    11 |    42 |     6 ||    84
Armor: Robe              |    21 |    20 |     8 |    20 |     5 ||    74
Dodge: Dodged            |    95 |    62 |    25 |    71 |    16 ||   269

Table legend:
 A = Spawn XP
 B = Non-spawn XP
 C = Spawn XP percentage of total XP
 D = Spawn monster count
 E = Non-spawn monster count
 F = Spawn count percentage of total count
 G = Total turns spent on level
                    A         B        C        D         E        F      G
               +---------+---------+-------+---------+---------+-------+---------
         Total |       0 |   35007 |   0.0 |       0 |     307 |   0.0 | 17704
               +---------+---------+-------+---------+---------+-------+---------
           D:1 |       0 |      47 |   0.0 |       0 |      28 |   0.0 |  1640
           D:2 |       0 |      59 |   0.0 |       0 |      18 |   0.0 |   823
           D:3 |       0 |      23 |   0.0 |       0 |       7 |   0.0 |   932
           D:4 |       0 |     276 |   0.0 |       0 |      17 |   0.0 |   888
           D:5 |       0 |     698 |   0.0 |       0 |      23 |   0.0 |   796
           D:6 |       0 |    1161 |   0.0 |       0 |      17 |   0.0 |  1114
           D:7 |       0 |    2055 |   0.0 |       0 |      34 |   0.0 |  1272
           D:8 |       0 |    3239 |   0.0 |       0 |      18 |   0.0 |  1377
           D:9 |       0 |     487 |   0.0 |       0 |       9 |   0.0 |  1420
          D:10 |       0 |    2810 |   0.0 |       0 |      27 |   0.0 |  1456
          D:11 |       0 |    2089 |   0.0 |       0 |      21 |   0.0 |  1049
        Lair:1 |       0 |    3528 |   0.0 |       0 |      16 |   0.0 |  1470
        Lair:2 |       0 |    6110 |   0.0 |       0 |      27 |   0.0 |  1307
        Lair:3 |       0 |    7745 |   0.0 |       0 |      27 |   0.0 |  1563
        Lair:4 |       0 |    2596 |   0.0 |       0 |       6 |   0.0 |   226
       Volcano |       0 |    2084 |   0.0 |       0 |      12 |   0.0 |   212
               +---------+---------+-------+---------+---------+-------+---------

Vault maps used:
D:1:      roderic_crossed_star
D:3:      kennysheep_ying_yang, lemuel_doored_altar
D:4:      gammafunk_steamed_eel, minivault_23, minmay_misc_feat_square,
          glass_columns_a, minmay_crystal_room
D:5:      nicolae_overflow_hidden_temple, zin_purify, minmay_temple_entry_trees,
          first_ration, grunt_decor_resistance, uniq_sigmund
D:6:      grunt_temple_overflow_open, nicolae_ashenzari_panopticon,
          uniq_prince_ribbit1
D:7:      grunt_ogre_cave, uniq_pikel
D:8:      vehumet_crystals
D:9:      grunt_gozag_breadcrumbs
D:10:     enter_trove_2, item_on_display_a
D:11:     lair_entry_dummy, orc_0_dummy
Temple:   compressed_dpeg_triangle_lava_temple
Lair:1:   serial_forest, infiniplex_forest_clump_tiny,
          infiniplex_forest_zigzag_1, infiniplex_forest_lined_3,
          infiniplex_forest_clump_double, infiniplex_forest_straight_2,
          infiniplex_forest_end_1, infiniplex_forest_clump_small,
          infiniplex_forest_corner_1, minivault_27, lemuel_another_geyser
Lair:2:   spider_nest_entry_web_field, uniq_fannar, uniq_erica
Lair:3:   grunt_megastairs_2, lemuel_fruit_fields
Lair:4:   elwin_shoals_entry_rocks, nicolae_volcano_entry_hallway,
          serial_bayou_shore_b, serial_bayou_shore_b, uniq_sonja
Volcano:  volcano_grotto

Table legend:
 A = Turns spent in this place as a percentage of turns spent in the entire game.
 B = Non-inter-level travel turns spent in this place as a percentage of non-inter-level travel turns spent in the entire game.
 C = Inter-level travel turns spent in this place as a percentage of turns spent in this place.
 D = Turns resting spent in this place as a percentage of non-inter-level travel turns spent in this place.
 E = Turns spent auto-exploring this place as a percentage of non-inter-level travel turns spent in this place.
 F = Non-inter-level travel turns spent in this place divided by the number of levels of this place that you've seen.
                   A       B       C       D       E      F
               +-------+-------+-------+-------+-------+----------------------
         Total | 100.0 | 100.0 |   3.1 |   1.9 |  84.4 | 1009.5
       Dungeon |  72.1 |  72.2 |   3.0 |   0.9 |  85.7 | 1126.1
        Temple |   0.9 |   0.9 |   0.0 |   0.0 |  89.3 | 159.0
          Lair |  25.8 |  25.7 |   3.5 |   4.6 |  82.3 | 1101.0
       Volcano |   1.2 |   1.2 |   0.0 |   0.0 |  47.6 | 212.0
               +-------+-------+-------+-------+-------+----------------------

Table legend:
 A = Kills in this place as a percentage of kills in entire the game.
 B = Kills by you in this place as a percentage of kills by you in the entire game.
 C = Kills by friends in this place as a percentage of kills by friends in the entire game.
 D = Other kills in this place as a percentage of other kills in the entire game.
 E = Experience gained in this place as a percentage of experience gained in the entire game.
 F = Experience gained in this place divided by the number of levels of this place that you have seen.
                   A       B       C       D       E      F
               +-------+-------+-------+-------+-------+----------------------
         Total | 100.0 | 100.0 |   N/A |   N/A | 100.0 | 2059.2
       Dungeon |  71.3 |  71.3 |   N/A |   N/A |  37.0 | 1176.7
          Lair |  24.8 |  24.8 |   N/A |   N/A |  57.1 | 4994.8
       Volcano |   3.9 |   3.9 |   N/A |   N/A |   6.0 | 2084.0
               +-------+-------+-------+-------+-------+----------------------
